 Dungeon Crawl Stone Soup version 0.31-a0-1074-g0b22e4e0f1 (webtiles) character file.

Game seed: 2905258364461920976

28 Jeffwins the Caller (level 3, 0/17 HPs)
             Began as a Vine Stalker Summoner on Dec 4, 2023.
             Slain by an adder (3 damage)
             ... on level 2 of the Dungeon.
             The game lasted 00:02:21 (825 turns).

Jeffwins the Caller (Vine Stalker Summoner)          Turns: 825, Time: 00:02:21

Health: 0/17       AC:  2    Str: 10    XL:     3   Next: 12%
Magic:  0/7        EV: 12    Int: 17    God:
Gold:   108        SH:  0    Dex: 14    Spells: 1/7 levels left

rFire   . . .        (no weapon)
rCold   . . .        (no shield)
rNeg    . . .        a - +0 robe
rPois   .            (no helmet)
rElec   .            (no cloak)
rCorr   .            (no gloves)
SInv    .            (no boots)
Will    .....        (no amulet)
Stlth   ++           (no ring)
HPRegen 1.02/turn    (no ring)
MPRegen 0.10/turn

%: guardian spirit
@: lethally poisoned (0 -> 0)
A: fangs 2, regeneration 1, magic shield, antimagic bite, no potion heal 2
a: no special abilities


You were on level 2 of the Dungeon.
You visited 1 branch of the dungeon, and saw 2 of its levels.

You collected 108 gold pieces.


Innate Abilities, Weirdness & Mutations

You have extremely sharp teeth.
Your natural rate of healing is unusually fast.
When hurt, damage is shared between your health and your magic reserves.
Your bite disrupts and absorbs the magic of your enemies.
Potions cannot restore your health.


   Skills:
 + Level 0.5 Fighting
 + Level 1.9 Dodging
 + Level 2.7 Stealth
 * Level 2.6 Spellcasting
 * Level 4.2 Summonings


You had one spell level left.
You knew the following spells:

 Your Spells              Type           Power      Damage    Failure   Level
c - Summon Small Mammal   Summ           64%        N/A       3%          1
x - Call Canine Familiar  Summ           16%        N/A       10%         3
z - Call Imp              Summ           32%        N/A       4%          2

Your spell library contained the following spells:

 Spells                   Type           Power      Damage    Failure   Level
 Summon Guardian Golem    Hex/Summ       9%         N/A       22%         3
 Summon Lightning Spire   Summ/Air       9%         N/A       58%         4

Inventory:

Armour
 a - a +0 robe (worn)
Magical Staves
 f - a staff of cold
Talismans
 d - a beast talisman
Scrolls
 c - a scroll of enchant weapon {unknown}
 e - 2 scrolls of teleportation {unknown}
 g - a scroll of identify {unknown}
Potions
 b - a potion of magic

Dungeon Overview and Level Annotations

Branches:
Dungeon (2/15)

Altars:

Shops:
D:1

* .. #. #.# #g ###...
######.### ......
.........################......
#........#.#..................
#.....5..#.###..#####.........
#.[....J.#.lS@..†.............
#........#5J#...#####..<..#..
#.......gJ..#...# #..####
#........##.#...# #..#
#........##.#...# #..#
..........##.#...# #..#
....##....##.#...# #..# ....
#####...#...# #..# .. .###...#
#...


You could see a gnoll, an adder (ally target), 2 endoplasms, a frilled lizard
and a friendly cerulean imp (summoned).


Message History

Unknown command.
You closely miss the adder. Your bite misses the adder.
The adder is moderately wounded.
You feel sick.
The endoplasm barely misses your cerulean imp.
The adder bites you.
* * * LOW HITPOINT WARNING * * *
Your cerulean imp hits the endoplasm with a -3 spear.
You feel sick. The adder attacks as it pursues you! The adder bites you.
* * * LOW HITPOINT WARNING * * *
You are more poisoned.
The adder poisons you! The adder bites you but does no damage.
You feel sick.
Unknown command.
You feel sick.
Unknown command.
You barely miss the adder.
The adder is moderately wounded.
You feel sick. The adder bites you but does no damage.
The adder barely misses you.
Unknown command.
You miss the adder.
The adder is moderately wounded.
You feel sick.
Your cerulean imp is frozen.
The adder misses you.
Your cerulean imp hits the adder but does no damage.
Unknown command.
You barely miss the adder. You bite the adder, but do no damage.
The adder is moderately wounded.
You feel sick. The adder bites you.
You die...

Action                     || total
---------------------------++-------
  Melee: Unarmed           ||   119
         Bite              ||    31
   Cast: Call Imp          ||     1
   Stab: Sleeping          ||     3
 Armour: Robe              ||    60
  Dodge: Dodged            ||    90

Levels and vault maps discovered:
D:1:      ncdulo_lavacross, layout_rooms, serial_shops, shop,
          minmay_gold_behind_fungi
D:2:      layout_basic, serial_shops, nicolae_shop_advertising_works
          [nicolae_subvault_shop_adworks], uniq_crazy_yiuf_cottage

Notes
Turn   | Place    | Note
-------+----------+-------------------------------------------
     0 | D:1      | Jeffwins the Vine Stalker Summoner began the quest for the
                  | Orb.
     0 | D:1      | Reached XP level 1. HP: 9/9 MP: 4/4
    12 | D:1      | Found Ugicoloq's General Store.
    75 | D:1      | Reached XP level 2. HP: 8/13 MP: 0/6
   616 | D:1      | Reached XP level 3. HP: 15/17 MP: 7/7
   619 | D:1      | Learned a level 2 spell: Call Imp
   623 | D:1      | Learned a level 3 spell: Call Canine Familiar
   825 | D:2      | Slain by an adder

Vanquished Creatures
  A dart slug (D:1)
  4 ball pythons
  An endoplasm (D:1)
  A giant cockroach (D:1)
  2 goblins (D:1)
  5 hobgoblins (D:1)
  2 kobolds (D:1)
  A quokka (D:1)
  4 bats
  2 rats (D:1)
23 creatures vanquished.

Table legend: (Time is in decaauts)
 A = Elapsed time spent in this place.
 B = Non-inter-level travel time spent in this place.
 C = Inter-level travel time spent in this place.
 D = Time resting spent in this place.
 E = Time spent auto-exploring this place.
 F = Levels seen in this place.
 G = Mean time per level.
                   A        B        C        D        E       F      G
               +--------+--------+--------+--------+--------+-----+--------+
         Total |    824 |    816 |      8 |      0 |    575 |   2 |  412.0 |
       Dungeon |    824 |    816 |      8 |      0 |    575 |   2 |  412.0 |
               +--------+--------+--------+--------+--------+-----+--------+

Top non-repeatable levels by time:
     D:1: 775 daAuts
     D:2: 49 daAuts

Table legend:
 A = Non-vault XP
 B = Vault XP
 C = Vault XP percentage of total XP
 D = Non-vault monster count
 E = Vault monster count
 F = Vault count percentage of total count
                 A         B        C        D         E       F
            +---------+---------+-------+---------+---------+-------
      Total |      40 |       0 |   0.0 |      23 |       0 |   0.0
            +---------+---------+-------+---------+---------+-------
        D:1 |      38 |       0 |   0.0 |      21 |       0 |   0.0
        D:2 |       2 |       0 |   0.0 |       2 |       0 |   0.0
            +---------+---------+-------+---------+---------+-------
